 Dungeon Crawl Stone Soup version 0.25.0-11-g1f837a76a1 (webtiles) character file.

Game seed: 2216360308303183323

527 MisterFreud the Carver (level 7, -9/57 HPs)
             Began as a Minotaur Fighter on June 27, 2020.
             Splashed by Eustachio's acid (17 damage)
             ... on level 4 of the Dungeon.
             The game lasted 00:03:58 (3700 turns).

MisterFreud the Carver (Minotaur Fighter)           Turns: 3700, Time: 00:03:58

Health: -9/57      AC:  4    Str: 20    XL:     7   Next: 2%
Magic:  6/6        EV:  7    Int:  6    God:
Gold:   239        SH:  9    Dex: 11    Spells: 6/6 levels left

rFire    . . .     SeeInvis .   a - +0 long sword
rCold    . . .     Gourm    .   c - +0 kite shield
rNeg     . . .     Faith    .   b - +0 scale mail
rPois    .         Spirit   .   (helmet restricted)
rElec    .         Reflect  .   o - +0 cloak
rCorr    .         Harm     .   (no gloves)
MR       .....                  (no boots)
Stlth    ..........             (no amulet)
HPRegen  0.19/turn              j - ring of attention (curse)
MPRegen  0.10/turn              (no ring)

@: corroded
A: retaliatory headbutt, horns 2
a: no special abilities


You were on level 4 of the Dungeon.
You were not hungry.

You visited 1 branch of the dungeon, and saw 4 of its levels.

You collected 239 gold pieces.

Inventory:

Hand Weapons
 a - a +0 long sword (weapon)
Missiles
 p - 4 boomerangs of dispersal (quivered)
 q - 8 datura-tipped darts
Armour
 b - a +0 scale mail (worn)
 c - a +0 kite shield (worn)
 o - a +0 cloak (worn)
Jewellery
 j - a cursed ring of attention (left hand)
Scrolls
 g - 2 scrolls of fear {unknown}
 h - 4 scrolls of identify {unknown}
 l - a scroll of noise {unknown}
 m - 2 scrolls of amnesia {unknown}
 n - 3 scrolls of remove curse {unknown}
 r - a scroll of teleportation {unknown}
Potions
 e - a potion of stabbing
Comestibles
 d - a chunk of flesh
 f - 9 rations


   Skills:
 - Level 3.6 Fighting
 + Level 9.2 Long Blades
 - Level 3.6 Armour
 - Level 3.6 Shields


You had 6 spell levels left.
You didn't know any spells.
Your spell library was empty.

Dungeon Overview and Level Annotations

Branches:
Dungeon (4/15)
 Temple: D:4-7

Altars:
Fedhas
Trog

Annotations:
D:4 Blork the orc, Eustachio, Menkaure


Innate Abilities, Weirdness & Mutations

You reflexively headbutt those who attack you in melee.
You have a pair of horns on your head.


Message History

Blork the orc comes into view.
He is wielding a +0 dire flail.
Blork the orc shouts!
An adder comes into view.
Eustachio gestures wildly while chanting.
Found 21 poisoned darts.
You barely miss Eustachio. You block the rat's attack.
Eustachio gestures wildly while chanting.
Eustachio blinks!
You block the rat's attack.
You slash the rat!
You kill the rat!
The rat's corpse disappears in a puff of smoke!
Eustachio calls on the powers of shadow!
Eustachio mumbles some strange words.
Eustachio blinks!
You block the rat's attack. The leopard gecko barely misses you.
You furiously retaliate!
You headbutt the leopard gecko. The rat bites you.
Eustachio zaps a wand.
The bolt of acid hits you!!
* * * LOW HITPOINT WARNING * * *
You are splashed with acid!
You die...

###.#..#..#..#
#............#
##......##.....
#.....####.....
##....### #.....
#........###...##
#.###...... ....
#########.###@.....
...o.§.l@..........
.......r.§........#
.......§(........##
........S........
.........#.......
(......#.........
......##.........
...... #.......#


You could see Eustachio, an adder, a leopard gecko and a rat (summoned).

Vanquished Creatures
  Sigmund (D:3)
  An ogre (D:4)
  A howler monkey (D:3)
  An orc wizard (D:3)
  Crazy Yiuf (D:2)
  Terence (D:2)
  A worker ant (D:3)
  A gnoll (D:3)
  5 adders
  3 dart slugs
  9 orcs (D:3)
  3 giant cockroaches
  9 goblins
  6 hobgoblins
  10 jackals
  2 quokkas
  8 bats
  7 frilled lizards
  6 kobolds
  3 rats
79 creatures vanquished.

Notes
Turn   | Place    | Note
-------+----------+-------------------------------------------
     0 | D:1      | MisterFreud the Minotaur Fighter began the quest for the
                  | Orb.
     0 | D:1      | Reached XP level 1. HP: 19/19 MP: 0/0
   196 | D:1      | Reached skill level 3 in Long Blades
   485 | D:1      | Reached XP level 2. HP: 26/26 MP: 1/1
  1031 | D:2      | Reached skill level 4 in Long Blades
  1204 | D:2      | Found a blossoming altar of Fedhas.
  1223 | D:2      | Reached XP level 3. HP: 28/31 MP: 2/2
  1457 | D:2      | Reached skill level 5 in Long Blades
  1532 | D:2      | Noticed Terence
  1540 | D:2      | Killed Terence
  1540 | D:2      | Reached XP level 4. HP: 35/39 MP: 3/3
  1619 | D:2      | Found a runed translucent door.
  1620 | D:2      | Noticed Crazy Yiuf
  1627 | D:2      | Paralysed by Crazy Yiuf for 4 turns
  1631 | D:2      | Killed Crazy Yiuf
  1631 | D:2      | Reached skill level 6 in Long Blades
  1943 | D:2      | Found a bloodstained altar of Trog.
  2249 | D:3      | Reached XP level 5. HP: 32/45 MP: 4/4
  2514 | D:3      | Reached skill level 7 in Long Blades
  3049 | D:4      | Noticed an ogre
  3050 | D:4      | Noticed Sigmund
  3070 | D:4      | Killed an ogre
  3070 | D:4      | Reached skill level 8 in Long Blades
  3070 | D:4      | Reached XP level 6. HP: 21/51 MP: 5/5
  3079 | D:4      | HP: 2/51 [Sigmund/+0 vorpal scythe (2)]
  3084 | D:4      | Noticed Menkaure
  3674 | D:3      | Killed Sigmund
  3674 | D:3      | Reached skill level 9 in Long Blades
  3674 | D:3      | Reached XP level 7. HP: 57/57 MP: 6/6
  3695 | D:4      | Noticed Eustachio
  3697 | D:4      | Noticed Blork the orc
  3700 | D:4      | Splashed by Eustachio's acid

Illustrated notes

Levels and vault maps discovered:
D:1:      dpeg_arrival_pits, layout_basic
D:2:      layout_loops_ring, lemuel_doored_altar, fedhas_altar_3, uniq_terence,
          uniq_crazy_yiuf_cottage
D:3:      layout_loops_ring, grunt_decor_cap, serial_bayou_lagoon_a
D:4:      layout_cave_pools, temple_hall, serial_shops, nicolae_shop_crystal,
          first_ration, bloody_trog, uniq_grinder, uniq_eustachio, uniq_sigmund,
          uniq_menkaure, uniq_blork_the_orc

Skill      XL: |  1  2  3  4  5  6 |
---------------+-------------------+-----
Long Blades    | 3 4 5 6 8 9 |  9.2
Fighting       | |  3.6
Armour         | |  3.6
Shields        | |  3.6

Action                   |  1- 3 |  4- 6 |  7- 9 || total
-------------------------+-------+-------+-------++-------
Melee: Long sword        |   108 |   116 |     3 ||   227
       Headbutt          |    15 |    17 |       ||    32
  Use: Potion            |       |     5 |       ||     5
 Stab: Invisible         |       |     1 |       ||     1
  Eat: Chunk             |     2 |     7 |       ||     9
Armor: Scale mail        |    54 |    47 |       ||   101
Dodge: Dodged            |    38 |    35 |     1 ||    74
Block: Kite shield       |    71 |    63 |     4 ||   138
       Rpst.: Long sword |    13 |     6 |       ||    19
